 Dungeon Crawl Stone Soup version 0.31.0-32-g396128a36d (webtiles) character file.

Game seed: 8566152278134396862

1728 PaiMei the Scholar of Death (level 8, 0/62 HPs)
             Began as a Demonspawn Necromancer on Mar 12, 2024.
             Was a Follower of Kikubaaqudgha.
             Slain by a white imp (4 damage)
             ... on level 6 of the Dungeon.
             The game lasted 00:06:29 (6505 turns).

PaiMei the Scholar of Death (DsNe)                  Turns: 6505, Time: 00:06:29

Health: 0/62       AC:  3    Str:  8    XL:     8   Next: 76%
Magic:  25/25      EV: 19    Int: 18    God:    Kikubaaqudgha [*.....]
Gold:   257        SH:  0    Dex: 14    Spells: 10/18 levels left

rFire   . . .        c - +0 hand axe
rCold   . . .        (no shield)
rNeg    . . .        a - +0 robe
rPois   .            h - +1 hat
rElec   .            (no cloak)
rCorr   .            (no gloves)
SInv    .            (no boots)
Will    .....        (no amulet)
Stlth   ++           s - ring of magical power
HPRegen 0.30/turn    u - +5 ring of evasion
MPRegen 0.19/turn

%: no passive effects
@: no status effects
A: claws 1, ignite blood 1, spiny 2
a: Renounce Religion, Unearth Wretches


You were on level 6 of the Dungeon.
You worshipped Kikubaaqudgha.
Kikubaaqudgha was aware of your devotion.
You visited 2 branches of the dungeon, and saw 7 of its levels.

You collected 257 gold pieces.

Inventory:

Hand Weapons
 c - a +0 hand axe (weapon)
Missiles
 l - 8 poisoned darts (quivered)
Armour
 a - a +0 robe (worn)
 h - a +1 hat (worn)
Jewellery
 s - a ring of magical power (left claw)
 u - a +5 ring of evasion (right claw)
 v - a ring of willpower
Wands
 o - a wand of charming (15)
 t - a wand of flame (11)
Scrolls
 d - a scroll of blinking {unknown}
 e - a scroll of noise {unknown}
 f - a scroll of immolation {unknown}
 i - 2 scrolls of teleportation {unknown}
 j - 7 scrolls of identify {unknown}
 m - a scroll of enchant armour {unknown}
 p - a scroll of poison {unknown}
 q - a scroll of butterflies {unknown}
 r - a scroll of fog {unknown}
Potions
 b - a potion of magic
 g - a potion of heal wounds {unknown}
 k - 4 potions of curing {unknown}
 n - a potion of brilliance {unknown}
 w - 2 potions of ambrosia {unknown}


   Skills:
 + Level 5.3 Fighting
 + Level 5.4 Dodging
 - Level 2.0 Stealth
 + Level 5.5 Spellcasting
 + Level 7.5 Necromancy


You had 10 spell levels left.
You knew the following spells:

 Your Spells              Type           Power      Damage    Failure   Level
a - Necrotise             Necr           100%       1d9       1%          1
b - Vampiric Draining     Necr           32%        2d8       1%          3
c - Animate Dead          Necr           32%        N/A       5%          4

Your spell library contained the following spells:

 Spells                   Type           Power      Damage    Failure   Level
 Kiss of Death            Conj/Necr      72%        2d10      2%          1
 Cigotuvi's Dreadful Rot  Necr/Alch/Air  28%        N/A       7%          2
 Curse of Agony           Necr           32%        N/A       16%         5
 Blink                    Tloc           8%         N/A       19%         2
 Lesser Beckoning         Tloc           8%         N/A       19%         2
 Momentum Strike          Conj/Tloc      8%         3d8       19%         2
 Gell's Gravitas          Tloc           4%         N/A       36%         3
 Teleport Other           Tloc           4%         N/A       36%         3
 Dispersal                Tloc           2%         N/A       100%        6


Dungeon Overview and Level Annotations

Branches:
Dungeon (6/15)             Temple (1/1) D:5

Altars:
Ashenzari
Cheibriados
Dithmenos
Fedhas
Gozag
Kikubaaqudgha
Nemelex Xobeh
Okawaru
Qazlal
Trog
Uskayaw
Vehumet
Wu Jian
Xom
Yredelemnul

Shops:
D:2 [

Annotations:
D:5 Grinder


Innate Abilities, Weirdness & Mutations

You have sharp fingernails.
Your demonic aura sometimes causes spilled blood to erupt in flames.
You are mostly covered in sharp spines.


Message History

The wight misses you.
You hit the wight.
You destroy the wight!
Kikubaaqudgha accepts your kill.
You hit the white imp. The white imp misses you.
Your life force feels restored.
You hit the white imp but do no damage.
The white imp is lightly wounded.
The white imp closely misses you. The white imp gestures at you.
The puff of frost hits you!
You closely miss the white imp.
The white imp is lightly wounded.
The white imp gestures at you. The puff of frost hits you.
You hit the white imp but do no damage.
The white imp is lightly wounded.
The white imp gestures at you. The puff of frost hits you!
* * * LOW HITPOINT WARNING * * *
You barely miss the white imp.
The white imp is lightly wounded.
The white imp gestures at you. The puff of frost hits you!
* * * LOW HITPOINT WARNING * * *
The white imp is struck by your spines. The white imp misses you.
You hit the white imp but do no damage. Your claw misses the white imp.
The white imp is heavily wounded.
The white imp misses you.
Aiming: Throw Flame
Press: ? - help, Shift-Dir - straight line
Okay, then.
Unknown command.
You barely miss the white imp.
The white imp is heavily wounded.
The white imp hits you.
* * * LOW HITPOINT WARNING * * *
The white imp freezes you.
You die...
Kikubaaqudgha rasps: "You have failed me!
Welcome... death!"

### ##.#..#.##..##
..###....#.##†...#
####.#....##.)##
###......###..)###
#.#+#......###..5###
#.# ###.#....###...#
..# ###.#....###.#
#.# ###.#..#.#'# ..#
###.#.@).###### #>#
###.#5......#####
#.# ###..####.....#
#.####
########.##.....#
.....#
#........###....#
#)...#
#...............#
######
#.........#######
#........##
#........#


You could see a white imp.

Vanquished Creatures
  Prince Ribbit (D:5)
  3 yaks (D:6)
  A water moccasin (D:6)
  An ice beast (D:5)
  2 ogres
  A centaur (D:6)
  A scorpion (D:5)
  A wight (D:6)
  3 bombardier beetles
  2 hounds (D:5)
  A gnoll bouda (D:6)
  3 orc priests (D:3)
  An iguana (D:6)
  An orc wizard (D:3)
  5 gnolls (D:6)
  8 adders
  A shadow imp (D:5)
  A white imp (D:6)
  A dart slug (D:5)
  A ribbon worm (D:2)
  9 orcs
  5 ball pythons
  3 endoplasms
  3 giant cockroaches
  7 goblins
  12 hobgoblins
  3 jackals (D:4)
  7 kobolds
  3 quokkas
  4 bats
  4 frilled lizards
  3 rats
102 creatures vanquished.

Vanquished Creatures (collateral kills)
  A ball python (D:1)
1 creature vanquished.

Grand Total: 103 creatures vanquished

Notes
Turn   | Place    | Note
-------+----------+-------------------------------------------
     0 | D:1      | PaiMei the Demonspawn Necromancer began the quest for the
                  | Orb.
     0 | D:1      | Reached XP level 1. HP: 13/13 MP: 3/3
   370 | D:1      | Gained mutation: You are partially covered in sharp spines.
                  | [demonic ancestry]
   370 | D:1      | Reached XP level 2. HP: 18/19 MP: 1/5
  1328 | D:2      | Gained mutation: You are mostly covered in sharp spines.
                  | [demonic ancestry]
  1328 | D:2      | Reached XP level 3. HP: 7/25 MP: 0/6
  1330 | D:2      | Reached skill level 1 in Fighting
  1517 | D:2      | Learned a level 3 spell: Vampiric Draining
  1605 | D:2      | Found a blossoming altar of Fedhas.
  1667 | D:2      | Found Rodemou's Armour Shop.
  1997 | D:2      | Found a faded altar of an unknown god.
  2602 | D:3      | Gained mutation: Your demonic aura sometimes causes spilled
                  | blood to erupt in flames. [demonic ancestry]
  2602 | D:3      | Reached XP level 4. HP: 26/32 MP: 3/8
  2743 | D:3      | Reached skill level 5 in Necromancy
  2922 | D:3      | Reached XP level 5. HP: 32/38 MP: 5/9
  3658 | D:3      | Learned a level 4 spell: Animate Dead
  3778 | D:4      | Noticed an ogre
  3782 | D:4      | Killed an ogre
  3783 | D:4      | Gained mutation: You have sharp fingernails. [demonic
                  | ancestry]
  3783 | D:4      | Reached XP level 6. HP: 24/46 MP: 0/11
  4550 | D:5      | Entered Level 5 of the Dungeon
  4582 | D:5      | Found a staircase to the Ecumenical Temple.
  4596 | Temple   | Entered the Ecumenical Temple
  4616 | Temple   | Became a worshipper of Kikubaaqudgha
  4781 | D:5      | Noticed Prince Ribbit
  4929 | D:5      | Killed Prince Ribbit
  4930 | D:5      | Reached skill level 6 in Necromancy
  4930 | D:5      | Reached XP level 7. HP: 42/52 MP: 6/13
  5201 | D:5      | Noticed Grinder
  5617 | D:6      | Found a basalt altar of Yredelemnul.
  5617 | D:6      | Found an ornate altar of the Wu Jian Council.
  5685 | D:6      | Found a faded altar of an unknown god.
  5777 | D:6      | Found a faded altar of an unknown god.
  5779 | D:6      | Found a shadowy altar of Dithmenos.
  5923 | D:6      | Found a radiant altar of Vehumet.
  5928 | D:6      | Reached XP level 8. HP: 51/60 MP: 14/14
  6135 | D:6      | Reached skill level 5 in Dodging
  6135 | D:6      | Reached skill level 5 in Spellcasting
  6135 | D:6      | Reached skill level 7 in Necromancy
  6175 | D:6      | Reached skill level 5 in Fighting
  6393 | D:6      | Reached * piety under Kikubaaqudgha
  6393 | D:6      | Received a gift from Kikubaaqudgha
  6505 | D:6      | Slain by a white imp

Illustrated notes

Levels and vault maps discovered:
D:1:      heliophobic_arrival_dark_side_of_the_moon, layout_basic,
          serial_forest, infiniplex_forest_pool, infiniplex_forest_lined_3,
          infiniplex_forest_clump_double, infiniplex_forest_clump_small
D:2:      layout_basic, chequers_ecumenical_altar_island, serial_shops, shop,
          basic_altar
D:3:      layout_loops_ring
D:4:      layout_basic, amcnicky_altar_gilded
D:5:      layout_cave_pods, general_overflow_altar,
          minmay_temple_entry_crystal_x, uniq_prince_ribbit1, uniq_grinder,
          uniq_crazy_yiuf_cottage
D:6:      minmay_razor_zed, layout_rooms, nicolae_vehumet_radiance,
          chequers_temple_overflow_minitemple
Temple:   hc_temple_tempest_star

Skill      XL: |  1  2  3  4  5  6  7  8 |
---------------+-------------------------+-----
Stealth        | 2 |  2.0
Dodging        | 2 3 4 5 |  5.4
Fighting       | 1 2 3 4 5 |  5.3
Necromancy     | 5 6 7 |  7.5
Spellcasting   | 3 4 5 |  5.5

Action                     |  1- 3 |  4- 6 |  7- 9 || total
---------------------------+-------+-------+-------++-------
  Melee: Hand axe          |     9 |    10 |    14 ||    33
         Punch             |     1 |       |     1 ||     2
   Cast: Necrotise         |    56 |    68 |    34 ||   158
         Vampiric Draining |       |    10 |    29 ||    39
 Armour: Robe              |    17 |    15 |    23 ||    55
  Dodge: Dodged            |    14 |    15 |    36 ||    65
